Map: Cañón atribulado

Players

JOSELLO

  • Race: Terran Terran
  • League: Gold
  • Spawn Location: 12:00

Mario

  • Race: Terran Terran
  • League: Gold
  • Spawn Location: 3:00

Kikex

  • Race: Protoss Protoss
  • Spawn Location: 12:00

MrFercho

  • Race: Terran Terran
  • League: Silver
  • Spawn Location: 7:00

tigro

  • Race: Terran Terran
  • League: Bronze
  • Spawn Location: 6:00

TATORREA

  • Race: Protoss Protoss
  • League: Silver
  • Spawn Location: 6:00

VOD

Have the link to the VOD?

Description

Time

  • Played on: May 20, 2020, 8:55 p.m.
  • Length: 10:20
Show
View Real Time Build Order
Export as new Build Order

JOSELLO Terran 

Build Orders:  

Get SALT Encoding   

  12  0:01  SCV  
  13  0:14  SCV  
  14  0:26  SCV  
  15  0:44  Supply Depot  
  15  1:22  Refinery, Barracks  
  15  1:23  SCV, Refinery  
  15  1:24  Command Center  
  16  1:39  SCV  
  17  1:51  SCV  
  18  1:58  Barracks  
  18  2:03  SCV  
  19  2:12  Barracks  
  19  2:14  Barracks Tech Lab  
  20  2:15  SCV  
  20  2:27  SCV  
  21  2:35  Combat Shield  
  21  2:46  SCV  
  21  2:47  Barracks  
  22  2:58  SCV  
  23  3:04  Barracks Reactor  
  24  3:06  Marine  
  24  3:07  Supply Depot  
  24  3:10  Barracks Reactor  
  24  3:15  SCV  
  25  3:22  Orbital Command  
  25  3:26  Marine  
  26  3:27  SCV  
  27  3:35  Engineering Bay  
  27  3:38  Barracks Reactor  
  27  3:39  SCV  
  28  3:49  Marine  
  28  3:51  SCV  
  28  3:52  Marine  
  28  3:54  Marine  
  32  4:03  SCV  
  32  4:06  Barracks  
  33  4:15  SCV  
  32  4:27  SCV  
  32  4:33  Marine x2  
  32  4:34  Marine x4  
  38  4:39  SCV  
  38  4:41  Terran Infantry Weapons Level 1  
  39  4:46  Factory  
  39  4:52  SCV  
  40  4:54  Barracks Reactor  
  40  5:03  Supply Depot  
  40  5:04  SCV  
  40  5:06  Refinery  
  41  5:11  Refinery  
  41  5:13  Marine  
  42  5:16  SCV, Marine x2  
  42  5:17  Marine  
  46  5:25  Marine  
  46  5:27  Supply Depot, Marine  
  46  5:28  SCV  
  49  5:30  Marine x3  
  49  5:32  Factory Tech Lab  
  49  5:35  Starport  
  52  5:38  Marine x2  
  54  5:44  Marine x3  
  54  5:45  SCV, Marine  
  54  5:48  Marine x3  
  62  5:55  Supply Depot  
  62  5:56  Marine  
  63  6:18  Starport Reactor  
  63  6:19  Siege Tank  
  65  6:54  Supply Depot  
  65  6:55  Terran Infantry Armor Level 1  
  65  6:57  Stimpack  
  65  7:12  Medivac  
  67  7:17  Supply Depot  
  67  7:27  Command Center  
  67  8:01  Medivac  
  67  8:02  Medivac  
  67  9:16  Medivac  
  69  9:17  Medivac  
  69  9:18  Marine x4  
  69  9:19  Marine x3  
  73  9:38  SCV  
  73  9:43  Supply Depot  
  70  9:50  SCV  
  71  10:03  SCV  
  71  10:05  Supply Depot  
Show
View Real Time Build Order
Export as new Build Order

Mario Terran 

Build Orders:  

Get SALT Encoding   

  12  0:03  SCV  
  13  0:17  SCV  
  14  0:22  Supply Depot  
  14  0:29  SCV  
  15  0:37  Refinery  
  15  0:43  SCV  
  15  0:49  Supply Depot  
  16  0:56  SCV  
  17  0:59  Supply Depot  
  17  1:16  Barracks  
  17  1:29  Supply Depot  
  17  1:33  SCV  
  18  1:45  SCV  
  19  1:49  Refinery  
  19  1:57  SCV, Barracks  
  20  2:09  SCV  
  20  2:12  Factory  
  21  2:19  Marine  
  21  2:21  SCV  
  23  2:33  SCV  
  24  2:37  Marine  
  25  2:45  SCV  
  25  2:47  Engineering Bay, Barracks Tech Lab  
  26  2:55  Marine  
  26  2:57  SCV  
  28  3:13  Marine  
  29  3:22  Starport  
  29  3:25  Armory  
  29  3:29  Siege Tank  
  33  3:38  Marine x2  
  34  3:46  Terran Infantry Weapons Level 1  
  34  3:55  Missile Turret  
  34  4:00  Marine x2  
  34  4:02  Siege Tank  
  39  4:28  Marine x2  
  41  4:42  Starport Tech Lab  
  41  4:45  Command Center  
  41  4:56  Fusion Core  
  41  5:05  Marine  
  41  5:06  Marine  
  43  5:16  SCV  
  44  5:23  Refinery, Marine  
  45  5:28  SCV  
  46  5:40  SCV  
  47  5:54  SCV, Marine x2  
  46  6:02  Supply Depot  
  41  6:06  SCV  
  39  6:20  Siege Tank  
  39  6:22  Marine x2  
  44  6:26  Supply Depot  
  44  6:31  Orbital Command  
  44  6:37  SCV  
  44  6:39  Marine  
  46  6:49  SCV, Supply Depot  
  46  6:52  Siege Tank  
  50  6:59  Battlecruiser  
  56  7:02  SCV  
  56  7:06  SCV  
  58  7:11  Supply Depot  
  58  7:14  SCV  
  59  7:18  SCV  
  60  7:26  SCV  
  61  7:30  SCV  
  62  7:38  SCV  
  63  7:59  Marine  
  63  8:00  Marine  
  65  8:12  Terran Vehicle Weapons Level 1  
  65  8:17  Marine x2  
  67  8:26  Starport  
  67  8:29  Starport  
  67  8:33  Supply Depot  
  67  8:35  Marine  
  68  8:57  Supply Depot  
  68  9:06  Starport  
  68  9:13  Starport Tech Lab  
  68  9:20  Supply Depot  
  68  9:21  Starport Tech Lab  
  74  9:32  Armory  
  74  9:42  Supply Depot  
  74  10:04  Supply Depot  
Show
View Real Time Build Order
Export as new Build Order

Kikex Protoss 

Build Orders: Dark Templar Rush 

Get SALT Encoding   

  12  0:05  Probe  
  13  0:17  Probe  
  14  0:23  Pylon  
  14  0:30  Assimilator  
  14  0:32  Probe  
  15  0:44  Probe  
  16  0:52  Pylon  
  16  0:58  Probe  
  17  1:13  Gateway  
  17  1:18  Forge  
  17  1:20  Probe (Chrono Boost)  
  18  1:29  Assimilator  
  18  1:31  Probe (Chrono Boost)  
  19  1:36  Probe (Chrono Boost)  
  20  1:47  Probe  
  21  1:59  Probe  
  22  2:03  Cybernetics Core  
  22  2:06  Pylon  
  22  2:17  Gateway  
  22  2:45  Twilight Council  
  22  2:48  Pylon  
  22  3:01  Nexus  
  22  3:02  Warp Gate  
  22  3:11  Gateway  
  22  3:12  Probe  
  23  3:21  Gateway  
  23  3:38  Dark Shrine  
  23  3:44  Pylon  
  23  3:55  Pylon  
  23  4:00  Pylon  
  21  4:13  Photon Cannon  
  16  4:31  Probe (Chrono Boost)  
  17  4:40  Probe (Chrono Boost)  
  17  4:44  Probe (Chrono Boost)  
  19  4:46  Probe (Chrono Boost)  
  20  4:54  Probe (Chrono Boost)  
  20  4:58  Probe (Chrono Boost)  
  22  5:03  Probe (Chrono Boost)  
  22  5:04  Probe (Chrono Boost)  
  24  5:08  Probe  
  24  5:09  Dark Templar  
  27  5:16  Dark Templar  
  29  5:35  Probe (Chrono Boost)  
  30  5:40  Probe (Chrono Boost)  
  31  5:45  Probe (Chrono Boost), Photon Cannon  
  31  5:48  Probe (Chrono Boost)  
  33  5:51  Probe (Chrono Boost), Photon Cannon  
  33  5:54  Probe  
  35  6:03  Dark Templar  
  37  6:04  Dark Templar  
  37  6:07  Dark Templar  
  39  6:46  Shadow Stride  
  39  7:00  Pylon  
  39  7:17  Pylon  
  39  7:20  Photon Cannon  
  39  7:23  Photon Cannon  
  39  7:25  Shield Battery  
  39  7:27  Photon Cannon  
  39  7:33  Pylon  
  39  7:39  Pylon  
  39  7:43  Assimilator  
  39  7:48  Probe (Chrono Boost)  
  40  7:54  Photon Cannon  
  40  7:58  Probe (Chrono Boost)  
  41  8:02  Probe (Chrono Boost)  
  42  8:10  Assimilator  
  42  8:14  Probe  
  42  8:16  Photon Cannon  
  43  8:24  Robotics Facility  
  43  8:27  Pylon  
  43  8:28  Pylon  
  43  8:33  Photon Cannon  
  43  8:34  Photon Cannon  
  43  8:40  Photon Cannon  
Show
View Real Time Build Order
Export as new Build Order

MrFercho Terran 

Build Orders:  

Get SALT Encoding   

  12  0:05  SCV  
  13  0:17  Refinery  
  13  0:24  Supply Depot  
  13  0:31  SCV  
  14  0:44  SCV, Refinery  
  15  0:54  Barracks  
  15  1:09  SCV  
  16  1:21  SCV  
  16  1:25  Supply Depot  
  17  1:33  SCV  
  18  1:46  Barracks Reactor  
  18  2:01  Orbital Command  
  18  2:24  Reaper x2  
  20  2:33  SCV  
  21  2:45  SCV  
  22  2:56  Reaper x2  
  22  2:57  SCV  
  25  3:02  Command Center  
  25  3:10  SCV  
  26  3:13  Factory  
  26  3:21  Engineering Bay  
  26  3:22  SCV  
  23  4:48  Starport  
  23  4:51  Refinery  
  23  4:53  SCV  
  24  5:05  SCV  
  25  5:12  Armory  
  25  5:16  Factory Tech Lab  
  25  5:17  SCV, Refinery  
  25  5:19  Marine x2  
  28  5:29  SCV  
  29  5:37  Marine x2  
  29  5:41  SCV  
  32  5:46  Siege Tank  
  35  5:55  Marine x2  
  37  6:09  Drilling Claws  
  37  6:13  Marine  
  37  6:17  Starport  
  38  7:10  Liberator x2  
  40  7:45  Sensor Tower  
  38  8:17  Missile Turret  
  38  8:38  Missile Turret  
  29  8:41  Liberator  
Show
View Real Time Build Order
Export as new Build Order

tigro Terran 

Build Orders:  

Get SALT Encoding   

  12  0:03  SCV  
  13  0:15  SCV  
  14  0:25  Supply Depot  
  14  0:31  SCV  
  15  0:40  Refinery  
  15  0:47  SCV  
  16  0:59  SCV, Barracks  
  16  1:01  Refinery  
  17  1:11  SCV  
  18  1:21  Supply Depot  
  18  1:23  SCV  
  19  1:35  SCV  
  20  1:46  Marine  
  21  1:47  SCV  
  22  2:04  Marine  
  23  2:12  Barracks  
  23  2:14  SCV  
  24  2:22  Marine  
  25  2:27  SCV  
  26  2:36  Engineering Bay  
  26  2:39  SCV  
  26  2:40  Marine  
  28  2:55  Orbital Command  
  28  2:58  Marine  
  29  3:13  Barracks Tech Lab  
  29  3:22  Factory  
  29  3:35  Barracks Tech Lab  
  29  3:42  Combat Shield  
  29  3:43  Command Center  
  29  3:45  Marauder  
  31  4:07  Marauder  
  33  4:11  Factory Tech Lab  
  33  4:19  Armory  
  33  5:00  Siege Tank  
  33  5:05  Planetary Fortress  
  36  5:30  Missile Turret  
  36  5:33  Siege Tank  
  39  5:50  Missile Turret  
  30  6:15  Marine  
  28  6:18  Marine  
  28  6:22  Missile Turret  
  29  6:33  Marine  
  29  6:36  Marine  
  31  6:50  Refinery  
  31  6:51  Marine  
  35  6:54  Marine, Siege Tank  
  36  7:09  Marine  
  36  7:11  Starport  
  36  7:12  Marine  
  38  7:27  Marine  
  39  7:30  Marine  
  40  7:44  Marine  
  40  7:47  Marine  
  42  8:02  Medivac  
  44  8:06  Siege Tank  
  44  8:08  Marine  
  44  8:10  Marine  
  49  8:25  SCV  
  49  8:26  Marine  
  51  8:28  Marine  
  51  8:33  Starport Tech Lab  
  50  8:37  SCV  
  50  8:38  Siege Tank  
  54  8:45  Marine  
  54  9:02  SCV, Marine  
  53  9:03  Marine  
  53  9:15  SCV  
  54  9:29  Missile Turret  
  54  9:37  SCV, Marine x2  
  51  9:50  Missile Turret  
  51  9:54  Marine  
  57  10:12  Fusion Core  
  57  10:13  Missile Turret  
Show
View Real Time Build Order
Export as new Build Order

TATORREA Protoss 

Build Orders:  

Get SALT Encoding   

  12  0:02  Probe  
  13  0:17  Pylon  
  13  0:18  Probe  
  14  0:30  Probe  
  14  0:34  Assimilator  
  15  0:46  Probe, Gateway  
  16  0:58  Probe  
  17  1:07  Pylon  
  17  1:10  Probe  
  18  1:22  Probe  
  19  1:29  Gateway  
  19  1:44  Cybernetics Core  
  19  1:57  Zealot  
  19  1:59  Forge  
  21  2:17  Zealot  
  21  2:22  Warp Gate  
  23  2:39  Nexus  
  23  2:43  Protoss Ground Weapons Level 1  
  23  2:49  Assimilator  
  23  2:56  Stalker  
  25  2:59  Stalker  
  27  3:08  Probe  
  28  3:27  Probe, Pylon  
  28  3:33  Pylon  
  29  3:39  Probe  
  29  3:40  Pylon  
  30  3:55  Probe  
  30  3:56  Probe  
  32  4:08  Probe x2, Stargate  
  34  4:11  Stargate  
  34  4:20  Probe x2  
  36  4:34  Probe x2  
  38  4:41  Stalker  
  38  4:42  Stalker  
  42  4:46  Probe x2  
  44  4:58  Probe x2  
  46  5:01  Oracle  
  49  5:08  Oracle  
  49  5:11  Probe x2  
  54  5:16  Assimilator  
  54  5:20  Assimilator  
  54  5:23  Probe x2  
  54  5:25  Protoss Ground Armor Level 1  
  56  5:35  Probe  
  56  5:36  Probe  
  58  5:48  Probe x2  
  56  6:00  Probe x2  
  48  6:40  Stalker x2  
  48  6:43  Void Ray x2  
  60  6:54  Robotics Facility  
  60  7:04  Stalker  
  60  7:05  Stalker  
  64  7:12  Protoss Air Weapons Level 1  
  52  8:01  Void Ray (Chrono Boost)  
  52  8:02  Void Ray (Chrono Boost)  
  52  8:05  Stalker x2  
  64  8:24  Fleet Beacon  
  64  8:25  Nexus  
  64  8:27  Robotics Bay  
  64  8:30  Observer  
  65  8:41  Void Ray (Chrono Boost)  
  69  8:57  Pylon  
  69  9:00  Pylon  
  69  9:04  Pylon  
  69  9:12  Pylon  
  69  9:14  Pylon  
  69  9:15  Void Ray  
  73  9:17  Void Ray  
  73  9:23  Pylon  
  77  9:25  Pylon  
  77  9:29  Pylon  
  61  9:33  Pylon  
  57  9:48  Stalker  
  57  9:50  Stalker  
Tags
 
Add a new tag
Caveats
  • Supply blocks, unpowered buildings, or Contaminate may cause inaccurate times.
  • Supply counts are checked every 10 seconds.